[Event "Chinese League Division-A 2024"]
[Site "Fuling Chongqing"]
[Date "2024.07.06"]
[Round "9.15"]
[White "Wang, Chuqiao"]
[Black "Zhang, Xiao"]
[Result "1-0"]
[ECO "D38"]
[WhiteElo "2278"]
[BlackElo "2193"]
[Annotator "TA"]
[PlyCount "75"]
[EventDate "2024.06.28"]
[EventType "team-tourn"]
[EventCountry "CHN"]
[SourceTitle "playchess.com"]
[Source "ChessBase"]
[SourceQuality "1"]
[TimeControl "40/5400+30:1800+30"]

1. d4 Nf6 2. c4 e6 3. Nf3 d5 4. Nc3 Bb4 5. Qa4+ Nc6 6. e3 O-O 7. Qc2 dxc4 8. Bxc4 Bd6 9. O-O {[%emt 0:04:40] White has an edge.} e5 10. h3 exd4 11. exd4 a6 12. Bg5 Nb4 {[%emt 0:10:24] Against Nd5} 13. Qc1 (13. Qe2 $16) 13... Be7 (13... b5 $11 14. Bb3 h6) 14. a3 $16 Nc6 15. Re1 Bf5 16. d5 Nb8 17. Qe3 {[%emt 0:13:30] White is more active.} (17. Nh4 $16 Bg6 18. d6 Qxd6 19. Nxg6 hxg6 20. Bf4) 17... Bd6 $14 18. Nh4 Bg6 19. Nxg6 hxg6 20. Ne4 $36 {[%emt 0:01:31][%mdl 2048] Black must now prevent Bxf6. White has the initiative.} Be7 ({Black should play} 20... Nbd7 $14) 21. Nxf6+ $16 Bxf6 22. Bxf6 gxf6 {[%emt 0:00:12][%mdl 8192] [#] A mistake that costs the game.} (22... Qxf6 $16 23. Qe7 b5) 23. Qh6 $1 $18 {[%emt 0:04:07][%cal Od5d6] Intending d6! and mate.} f5 {[%emt 0:00:38] [#]} 24. d6 $1 Qxd6 {[%emt 0:02:10] [#]} (24... Qf6 25. dxc7) 25. Re6 $3 fxe6 26. Qxg6+ Kh8 27. Qh6+ (27. Qxe6 $2 Qxe6 28. Bxe6 Nc6 $19) 27... Kg8 28. Bxe6+ (28. Qxe6+ Qxe6 29. Bxe6+ Kh8 $19) 28... Rf7 29. Qg6+ {[%emt 0:00:05] White mates.} Kh8 30. Qh5+ Kg7 31. Qxf7+ Kh6 32. Qf6+ Kh7 33. Bxf5+ Kg8 34. Be6+ Kh7 35. Qf7+ Kh6 36. h4 Qe5 37. g4 Qg7 38. Qh5# {[%emt 0:00:07] Weighted Error Value: White=0.11 (very precise) /Black=0.43.  Loses game:     	---       	Black=1      Mistake:       	White=2     	Black=2      Inaccurate:     	White=2     	Black=4      OK:         	White=5     	Black=4      Best:        	White=1     	Black=1      Strong:       	White=1     	---} 1-0

[Event "Chinese League Division-A 2024"]
[Site "Fuling Chongqing"]
[Date "2024.07.06"]
[Round "9.16"]
[White "Bai, Jinshi"]
[Black "Xu, Yi"]
[Result "1/2-1/2"]
[ECO "D37"]
[WhiteElo "2564"]
[BlackElo "2496"]
[Annotator "TA"]
[PlyCount "105"]
[EventDate "2024.06.28"]
[EventType "team-tourn"]
[EventCountry "CHN"]
[SourceTitle "playchess.com"]
[Source "ChessBase"]
[SourceQuality "1"]
[TimeControl "40/5400+30:1800+30"]

1. d4 Nf6 2. c4 e6 3. Nf3 d5 4. Nc3 Bb4 5. e3 O-O 6. Be2 dxc4 7. O-O c5 8. dxc5 Bxc5 9. Bxc4 a6 10. Bd3 Nc6 11. a3 Be7 12. b4 {[%emt 0:06:39] White is slightly better.} b5 13. Bb2 Bb7 14. Ne4 Nxe4 15. Bxe4 Qxd1 16. Rfxd1 {[%emt 0:17:53] [#] And now Rd7 would win.} f5 17. Bc2 Rfd8 {[%emt 0:02:58] Prevents Rd7.} 18. e4 fxe4 19. Bxe4 Rxd1+ 20. Rxd1 Rd8 21. Re1 Bf6 22. Bxf6 gxf6 23. g4 Rd6 24. h4 h6 25. g5 hxg5 26. hxg5 Kg7 27. Rc1 fxg5 28. Nxg5 Kf6 29. f4 Ke7 $1 30. Kf2 Nd8 $1 31. Ke3 {[%emt 0:00:12] Rc7+ is the strong threat.} Bxe4 32. Nxe4 $11 {[%emt 0:04:04][%mdl 4096] Endgame. KRN-KRN} Rc6 33. Rc5 Rxc5 34. Nxc5 {[%emt 0:00:04] KN-KN} Nf7 $1 35. Kd4 Kd6 36. Ne4+ Kc6 {[%emt 0:01:39] The position is equal.} 37. Ng5 Nd8 38. Ne4 {[%emt 0:04:49] [#] Hoping for Ke5.} (38. Ke5 $5 Kd7 $8 39. Nf3 $11) 38... Nf7 39. Ng5 Nd8 40. Ke5 Kd7 41. Ne4 {[%emt 0:04:06] Black must now prevent Nc5+.} (41. Kf6 $5) 41... Nc6+ 42. Kf6 Nd4 43. Kf7 Kc6 44. Nc5 Kd5 45. Nxa6 e5 46. Nc7+ Kc6 47. Nxb5 Nxb5 48. fxe5 {[%emt 0:00:03] Threatening mate with e6.} Nxa3 {[%emt 0:00:07] KN-KPP} 49. e6 {[%emt 0:00:06] Intending e7 and mate.} Nb5 50. e7 Nc7 51. b5+ Kxb5 52. e8=Q+ Nxe8 53. Kxe8 {[%emt 0:00:37] Weighted Error Value: White=0.02 (flawless) /Black=0.04 (flawless) .  Inaccurate:     	White=1     	Black=1      OK:         	White=17    	Black=25     Best:        	---       	Black=1      Strong:       	---       	Black=3} 1/2-1/2

[Event "Chinese League Division-A 2024"]
[Site "Fuling Chongqing"]
[Date "2024.07.06"]
[Round "9.17"]
[White "Meng, Yihan"]
[Black "Kong, Xiangrui"]
[Result "1-0"]
[ECO "C54"]
[WhiteElo "2268"]
[BlackElo "2439"]
[Annotator "TA"]
[PlyCount "47"]
[EventDate "2024.06.28"]
[EventType "team-tourn"]
[EventCountry "CHN"]
[SourceTitle "playchess.com"]
[Source "ChessBase"]
[SourceQuality "1"]
[TimeControl "40/5400+30:1800+30"]

1. e4 e5 2. Nf3 Nc6 3. Bc4 Bc5 4. c3 Nf6 5. d3 O-O 6. O-O d5 7. exd5 Nxd5 8. Re1 Bg4 9. h3 Bh5 10. Nbd2 Nb6 11. Bb3 (11. a4 $11) 11... Kh8 ({Black should try} 11... Qxd3 $15 12. Nxe5 Qf5 (12... Qg3 13. Qxh5 Qxf2+ 14. Kh2 $14)) 12. Ne4 $14 Nd7 13. Ng3 Bxf3 14. Qxf3 f5 {[%emt 0:00:01][%cal Oe5e4] Black is weak on the light squares} 15. d4 (15. Nxf5 g6 16. Be6 gxf5 $17) 15... exd4 16. Bf4 {[%emt 0:00:22][%cal Bc1f4,Bf4d2,Bd2g5][%mdl 32] Prevents Nce5.} (16. Nxf5 $2 dxc3 17. Bc2 (17. bxc3 $2 g6 $19) 17... Nd4 18. Nxd4 Rxf3 (18... Bxd4 $2 19. Qd3 $19) 19. Nxf3 Qf6 $19 (19... cxb2 20. Bxb2 a5 21. Rad1 $11)) 16... g5 (16... dxc3 $11 17. bxc3 g5) 17. Bd2 $36 {[%emt 0:03:49][%mdl 2048] White is more active. White is much more active.} Nde5 18. Qh5 Qd6 ({Not} 18... f4 $2 19. Ne4 b6 20. Nxg5 $18 (20. Qxg5 Be7 $18)) (18... g4 $16 {is a better defense.}) 19. Rad1 $18 {[%emt 0:17:51] [#] Strongly threatening cxd4.} d3 20. Bxg5 ({Don't do} 20. Qxg5 Rf6 21. Nxf5 Qf8) 20... Ng4 $2 (20... a5 21. Bh6 a4) 21. hxg4 Qxg3 22. Bf7 {[%emt 0:08:11][%cal Rg5f6] This pair of bishops is nice.} ({Weaker is} 22. Be3 Bxe3 23. Rxe3 Qxg4 $18) 22... Qxf2+ 23. Kh1 fxg4 24. Bg6 {[%emt 0:00:32] Weighted Error Value: White=0.11 (very precise) /Black=0.46.  Mistake:       	White=1     	Black=4      Inaccurate:     	White=1     	Black=1      OK:         	White=5     	Black=4      Best:        	White=2     	Black=1} 1-0

[Event "Chinese League Division-A 2024"]
[Site "Fuling Chongqing"]
[Date "2024.07.06"]
[Round "9.18"]
[White "Ma, Qun"]
[Black "Gong, Sunle"]
[Result "1-0"]
[ECO "C42"]
[WhiteElo "2643"]
[BlackElo "2239"]
[Annotator "TA"]
[PlyCount "178"]
[EventDate "2024.06.28"]
[EventType "team-tourn"]
[EventCountry "CHN"]
[SourceTitle "playchess.com"]
[Source "ChessBase"]
[SourceQuality "1"]
[TimeControl "40/5400+30:1800+30"]

1. e4 e5 2. Nf3 Nf6 3. Nxe5 d6 4. Nf3 Nxe4 5. d4 d5 6. Bd3 Bd6 7. O-O O-O 8. c4 c6 9. Re1 Bf5 10. Qc2 Na6 11. a3 {[%emt 0:02:09] Inhibits Nb4.} Bg6 12. c5 {[%emt 0:00:13] The position is equal.} Bb8 13. Nc3 f5 14. Ne2 Bh5 15. Ng3 Bg4 (15... Bg6 $14 {is more appropriate.}) 16. Qb3 (16. b4 $16) 16... Qd7 (16... Bc7 $1 $11) 17. Ng5 $36 {[%emt 0:25:30][%mdl 2048] White is on the roll.} Kh8 18. f3 Nxg3 (18... h6 $1 $14) 19. fxg4 $18 Qc7 20. Nf3 $2 (20. hxg3 Qxg3 21. Bd2 fxg4 $11) (20. Bxa6 $1 $18 Ne2+ 21. Rxe2 (21. Bxe2 $2 Qxh2+ 22. Kf2 fxg4+ 23. Ke3 Qg3+ 24. Nf3 gxf3 $19) 21... Qxh2+ 22. Kf2 fxg4+ 23. Ke1 Qg3+ 24. Qxg3 Bxg3+ 25. Kd2 bxa6 26. a4) 20... fxg4 $11 21. Ne5 Qa5 $2 (21... Nxc5 $1 $11 22. Qb4 (22. dxc5 Ne4 $11) 22... a5 23. Qxc5 Ba7 24. Qxa7 (24. Qc3 $2 Ne4 $19) 24... Rxa7 25. hxg3 Raa8) 22. Qc3 $2 {[%emt 0:13:52] Active counter play!} (22. Nf7+ $18 {is more deadly.} Kg8 23. Bg5 Nxc5 24. dxc5 Qxc5+ 25. Be3) 22... Qxc3 $16 23. bxc3 Bxe5 24. Rxe5 Ne4 25. Bxe4 dxe4 26. Rxe4 b6 27. cxb6 axb6 28. Rxg4 Nc7 29. Bf4 Nd5 30. Be5 Ra7 31. Rg3 b5 32. h4 Kg8 33. Rc1 Nf4 34. Rc2 {[%emt 0:02:16] Dodges Ne2+} Rff7 35. Bd6 h6 36. Kh2 Ra4 37. Bb4 Nd5 38. Re2 Rf4 ({Black should play} 38... Ra8 $14) 39. Kh3 (39. Rg6 $1 $16) 39... Kf7 $14 40. Re5 Nxb4 $2 (40... Ra7 $11 {and Black stays safe.}) 41. axb4 $11 {[%emt 0:01:27][%mdl 4096] Endgame. KRR-KRR} (41. cxb4 Rxd4 42. Rf3+ Kg8 $14) 41... Ra1 42. Rf3 Rf1 43. Rxf1 Rxf1 $18 {[%emt 0:00:04] KR-KR} 44. Rc5 Rf6 45. h5 Ke7 46. Kg4 Kd6 47. Rf5 Re6 48. Kf4 g6 49. hxg6 Rxg6 50. g4 (50. g3 $1 $16) 50... Re6 $14 51. Rh5 Rf6+ 52. Rf5 Re6 53. Rh5 Rf6+ 54. Kg3 Re6 55. Kh4 (55. Rc5 $16) 55... Rf6 $1 $11 56. Rc5 Rf1 {[%emt 0:06:42] [#]} (56... Rf3 $11 {keeps the balance.}) 57. d5 cxd5 58. Rxb5 Rh1+ 59. Kg3 Rg1+ (59... Rc1 $11) 60. Kf4 $14 {[%emt 0:00:13] Rb6+ is the strong threat.} Rf1+ 61. Ke3 {[%emt 0:00:01] Threatens to win with Rb6+.} Rg1 62. Kf3 (62. Rb6+ $1 $14 Ke5 63. Kf3 (63. Rxh6 Rxg4 64. Kd3 Rg2 $16) 63... Rf1+ 64. Ke3) 62... Rf1+ ({Black should try} 62... Rc1 $1 $11) 63. Ke2 $1 Rf4 64. Rb6+ Kc7 65. Rg6 Rc4 66. Kd3 Kd7 67. Rg8 Kc7 68. Rg7+ Kc6 69. Rg6+ (69. Re7 $14) 69... Kc7 (69... Kd7 $11) 70. b5 $16 Rf4 $2 (70... Kd7 $16) 71. Kc2 $2 ({Stronger than} 71. Rxh6 Rxg4 72. Rc6+ Kd7 $11) (71. Rc6+ $1 $18 {and the rest is easy.} Kd7 72. c4 (72. Rxh6 Rxg4 73. b6 Kc8 $11) (72. Rg6 Kc7 $14) 72... dxc4+ 73. Rxc4) 71... Re4 72. Kb2 ({Reject} 72. Rxh6 $6 Rxg4 73. Rc6+ Kd7 $11) 72... Rf4 73. Ka3 ({Much weaker is} 73. Rxh6 $6 Rxg4 74. Rc6+ Kd7 $11) (73. Kc1 $1 $16) 73... Re4 $1 $11 74. Rc6+ Kd7 $1 75. Rc5 Kd6 $1 76. Rc8 {[%emt 0:00:01] And now b6 would win.} Kd7 $1 77. Rg8 Kc7 78. Rg6 Rf4 79. Kb2 Re4 80. Kc2 $1 Rf4 81. Kd3 Rc4 $1 {[%emt 0:00:20] Dodges Rc6+} 82. Ke3 Re4+ $2 {[%emt 0:00:13][%mdl 8192] [#]} (82... Kc8 $14) 83. Kf3 $1 $18 {[%emt 0:00:05] White is clearly winning.} Rc4 {[%emt 0:00:49] Prevents Rc6+.} 84. Rxh6 {[%emt 0:00:37][%cal Oh6c6] Threatening mate with Rc6+!} Rxc3+ 85. Kf4 {[%emt 0:00:00] aiming for b6+.} d4 86. b6+ Kb7 {[%emt 0:00:18] [#]} 87. Rd6 $1 Rc4 88. g5 {[%emt 0:02:43] Kf5 would kill now.} d3+ 89. Kf5 Rc5+ {[%emt 0:00:05] Weighted Error Value: White=0.30/Black=0.29 (precise) .  Loses game:     	---       	Black=4      Missed win:     	White=2     	---        Mistake:       	White=9     	Black=8      Inaccurate:     	White=4     	Black=1      OK:         	White=22    	Black=30     Best:        	White=4     	Black=8      Strong:       	White=3     	Black=6} 1-0

[Event "Chinese League Division-A 2024"]
[Site "Fuling Chongqing"]
[Date "2024.07.06"]
[Round "9.19"]
[White "Zhang, Xiaowen"]
[Black "Lu, Miaoyi"]
[Result "1/2-1/2"]
[ECO "C56"]
[WhiteElo "2261"]
[BlackElo "2449"]
[Annotator "RC"]
[PlyCount "77"]
[EventDate "2024.06.28"]
[EventType "team-tourn"]
[EventCountry "CHN"]
[SourceTitle "playchess.com"]
[Source "ChessBase"]
[SourceQuality "1"]
[TimeControl "40/5400+30:1800+30"]

1. e4 e5 2. Nf3 Nc6 3. Bc4 Nf6 4. d4 exd4 5. O-O Nxe4 6. Re1 d5 7. Bxd5 Qxd5 8. Nc3 Qd7 9. Nxe4 Be7 10. Bg5 O-O 11. Bxe7 Qxe7 12. Nxd4 Bd7 13. Nc3 Qb4 14. Ndb5 Rad8 15. Nxc7 Qxb2 16. N3d5 Be6 17. c4 Bxd5 18. Nxd5 Rfe8 19. Qb3 Re2 20. Rab1 Rde8 21. Rxe2 Qxe2 22. h3 b6 23. Qa4 Qe4 24. Rd1 Na5 25. Ne3 h6 26. Rd4 Qc6 27. Qxc6 Nxc6 28. Rd7 Re7 29. Rd6 Re6 30. Rd7 Re7 31. Rd6 Na5 32. Rd8+ Kh7 33. Rc8 Nb7 34. Kf1 Rd7 35. Ke2 Nd6 36. Rc6 Ne4 37. Nd5 Nd6 38. Kd3 Kg8 39. Rc7 1/2-1/2

[Event "Chinese League Division-A 2024"]
[Site "Fuling Chongqing"]
[Date "2024.07.06"]
[Round "9.20"]
[White "Yan, Tianqi"]
[Black "Ni, Shiqun"]
[Result "1/2-1/2"]
[ECO "C47"]
[WhiteElo "2306"]
[BlackElo "2352"]
[Annotator "TA"]
[PlyCount "64"]
[EventDate "2024.06.28"]
[EventType "team-tourn"]
[EventCountry "CHN"]
[SourceTitle "playchess.com"]
[Source "ChessBase"]
[SourceQuality "1"]
[TimeControl "40/5400+30:1800+30"]

1. e4 e5 2. Nf3 Nf6 3. Nc3 Nc6 4. d4 exd4 5. Nxd4 Bb4 6. Nxc6 bxc6 7. Bd3 d5 8. exd5 cxd5 9. O-O O-O {[%emt 0:00:19] The position is equal.} 10. h3 c6 11. Qf3 Re8 12. Bf4 Bd6 13. Rfe1 Be6 14. Ne2 Bxf4 15. Nxf4 Qb6 16. b3 Bd7 17. Nh5 Nxh5 18. Qxh5 g6 19. Qh6 Qb4 20. Re3 Rxe3 21. Qxe3 a5 22. Qe5 Re8 23. Qc7 Re7 24. Qd8+ Kg7 25. a3 Re1+ 26. Rxe1 Qxe1+ $11 {[%emt 0:00:07][%mdl 4096] Endgame. KQB-KQB} 27. Kh2 Bf5 28. Bxf5 Qe5+ 29. Kg1 Qe1+ 30. Kh2 {[%emt 0:00:07] [#] Bd3 is the strong threat.} Qe5+ 31. Kg1 {[%emt 0:00:07] And now Bd3 would win.} Qe1+ 32. Kh2 {[%emt 0:00:07] Strongly threatening Bd3.} Qe5+ {[%emt 0:00:08] An even fight not without its subleties.   Weighted Error Value: White=0.00 (flawless) /Black=0.00 (flawless) .  OK:         	White=11    	Black=11     Best:        	White=1     	Black=3} 1/2-1/2

[Event "Chinese League Division-A 2024"]
[Site "Fuling Chongqing"]
[Date "2024.07.06"]
[Round "9.21"]
[White "Chen, Qi b"]
[Black "Wan, Yunguo"]
[Result "1/2-1/2"]
[ECO "B45"]
[WhiteElo "2481"]
[BlackElo "2498"]
[Annotator "TA"]
[PlyCount "69"]
[EventDate "2024.06.28"]
[EventType "team-tourn"]
[EventCountry "CHN"]
[SourceTitle "playchess.com"]
[Source "ChessBase"]
[SourceQuality "1"]
[TimeControl "40/5400+30:1800+30"]

1. e4 c5 2. Nf3 e6 3. d4 cxd4 4. Nxd4 Nf6 5. Nc3 Nc6 6. Bf4 Bc5 7. Ndb5 O-O $1 8. Bc7 Qe7 {[%emt 0:00:30] And now ...d5 would win.} 9. Bd6 $1 Bxd6 10. Qxd6 Qd8 11. O-O-O a6 12. Nd4 Ne7 13. a4 Ne8 14. Qb4 d6 {[%emt 0:00:57] [#]} 15. e5 $1 d5 (15... dxe5 16. Nxe6 Bxe6 17. Rxd8 Rxd8 18. Qxe7 $18) (15... Nd5 16. Nxd5) 16. Bd3 a5 17. Qa3 Nc7 18. f4 Nc6 19. Ncb5 Nxd4 (19... Nxb5 $11 20. Nxb5 (20. Bxb5 Nxd4 21. Rxd4 Bd7 $16) 20... Nb4) 20. Nxd4 $16 Bd7 21. h4 Qe8 (21... Rb8 $1 $11) 22. Qc5 {[%emt 0:12:02] Black is weak on the dark squares} Rc8 23. Qxa5 {[%emt 0:01:29] White is much more active.} Bxa4 24. f5 (24. h5 $14) 24... exf5 $11 25. Nxf5 {[%emt 0:01:38] Black must now prevent Nd6.} Qd7 (25... Ne6 $1 $11) 26. Qb4 $16 {[%emt 0:08:26] Ne7+ would now be deadly.} Kh8 27. Nd6 (27. Qxb7 $6 Ra8 28. Qb6 Bb5 29. Nxg7 Qg4 (29... Kxg7 30. Qf6+ Kg8 31. Qg5+ Kh8 32. Qf6+ Kg8 33. Bxb5 $11) 30. Bxb5 Nxb5 31. Qxb5 Rfb8 $11 (31... Ra1+ 32. Kd2 $17)) (27. Rhf1 $1 $16) 27... Ra8 $14 28. Rhf1 (28. Qxb7 $2 Rfb8 $19) 28... Bc6 29. Qf4 (29. Nxb7 $2 Rfb8 30. Qd6 (30. Bf5 $2 Qe8 $19) 30... Rxb7 $19) 29... f6 ({Black should try} 29... Kg8 $14) 30. h5 $1 $16 Ne6 {[%emt 0:05:51] [#]} 31. Qf5 Ng5 {[%emt 0:00:19] [#]} (31... Ra1+ $2 32. Kd2 Ng5 33. Rxa1 $18) 32. h6 Qxf5 $14 33. hxg7+ (33. Bxf5 $2 {too greedy.} fxe5 34. hxg7+ Kxg7 $19) (33. Nxf5 g6 34. Ne7 f5 $14 (34... fxe5 35. Rxf8+ Rxf8 36. b4 $14)) 33... Kxg7 34. Nxf5+ (34. Bxf5 $2 {perishes.} fxe5 35. Bd3 Ra1+ 36. Kd2 Rxd1+ 37. Kxd1 Rxf1+ 38. Bxf1 Kf6 $19) 34... Kh8 35. exf6 {[%emt 0:01:59] Weighted Error Value: White=0.16 (very precise) /Black=0.21 (precise) .  Mistake:       	White=3     	Black=4      Inaccurate:     	White=4     	Black=3      OK:         	White=10    	Black=11     Best:        	---       	Black=2      Strong:       	White=2     	---} 1/2-1/2

[Event "Chinese League Division-A 2024"]
[Site "Fuling Chongqing"]
[Date "2024.07.06"]
[Round "9.22"]
[White "Peng, Xiongjian"]
[Black "Xu, Jun"]
[Result "0-1"]
[ECO "C81"]
[WhiteElo "2521"]
[BlackElo "2471"]
[Annotator "TA"]
[PlyCount "84"]
[EventDate "2024.06.28"]
[EventType "team-tourn"]
[EventCountry "CHN"]
[SourceTitle "playchess.com"]
[Source "ChessBase"]
[SourceQuality "1"]
[TimeControl "40/5400+30:1800+30"]

1. e4 e5 2. Nf3 Nc6 3. Bb5 a6 4. Ba4 Nf6 5. O-O Nxe4 6. d4 b5 7. Bb3 d5 8. dxe5 Be6 9. Qe2 Be7 10. Rd1 O-O 11. c4 bxc4 12. Bxc4 Bc5 13. Be3 Bxe3 14. Qxe3 Qb8 15. Bb3 $1 Na5 16. Nc3 Nxb3 17. axb3 Qxb3 {[%emt 0:01:40] The position is equal.} 18. Nd4 Qb7 19. Nce2 {[%emt 0:12:21] Excellent horsemanship.} Bd7 (19... Qxb2 20. f3 $18) (19... c5 20. Nxe6 d4 (20... fxe6 21. f3 $16) 21. N6xd4 cxd4 22. Nxd4 $16) 20. f3 Nc5 21. Nf4 Rfe8 (21... Ne6 {simplifies} 22. Nfxe6 fxe6 23. Rac1 a5) 22. Nh5 f6 {[%emt 0:03:08] Wards off Qg5} 23. Qc1 Qb6 (23... fxe5 $2 24. Qg5 (24. Qxc5 exd4 25. Qxd4 Re7 $16) 24... g6 25. b4 $18) 24. exf6 $40 {[%emt 0:00:56][%mdl 128] White attacks.} Ne6 {[%emt 0:04:47] [#]} 25. Kh1 $1 Nxd4 26. Qg5 {[%emt 0:08:20] Dodges Re5} (26. Qf4 $5 Nf5 (26... Qxb2 $2 27. f7+ Kh8 28. fxe8=Q+ Rxe8 29. Qxc7 $18) 27. Nxg7 Qxf6 28. Nxe8 Rxe8 29. Rxd5 Qxb2 30. Rg1 $14) 26... Ne6 (26... Qxb2 27. Qxg7#) 27. Qxd5 Bc6 (27... Qb5 $11 {keeps the balance.} 28. fxg7 (28. f7+ Kxf7 29. Qxd7+ Kf8 $11) 28... Bc6 (28... Qxd5 29. Rxd5 Bc6 30. Re5 $11) 29. Nf6+ Kf7 30. Qxb5 (30. g8=Q+ Rxg8 31. Qxb5 Bxb5 $11) 30... Bxb5 31. Nxe8 Bxe8) 28. Qf5 $16 Kh8 {[%emt 0:04:48] [#] ...g6 would now be deadly.} 29. Qe5 Qb5 30. fxg7+ Kg8 31. Nf6+ Kf7 32. Nd5 $2 {[%emt 0:02:24] This costs White the game.} (32. g8=Q+ Rxg8 33. Qxb5 Bxb5 $11 (33... axb5 34. Nxg8 Rxg8 35. h4 $11)) (32. Ng4 $16 {keeps the pressure on. Qf6+ would kill now.} Nxg7 33. Qf4+ (33. Qxc7+ Re7 $11) 33... Kg8 34. Nf6+ (34. Qxc7 Kh8 $17) 34... Kh8 35. Nxe8 (35. Qxc7 Re6 $17) 35... Rxe8 36. Re1 (36. Qxc7 Re6 $16) 36... Rxe1+ 37. Rxe1) 32... Bxd5 $19 33. Rxd5 Qc6 34. Rad1 Re7 35. Qe4 {[%emt 0:00:05] Black must now prevent Rf5+.} Kg8 (35... Kxg7 $2 {too greedy.} 36. Rg5+ Nxg5 37. Qxc6 $18) 36. Qh4 Rxg7 37. h3 Rf8 38. Qe4 Nf4 39. R5d4 (39. R5d2 {only move.} Qxe4 40. fxe4) 39... Qxe4 40. Rxe4 Nxg2 {[%emt 0:00:00] Black is clearly winning.} ({Stronger than} 40... Rxg2 41. Rxf4 Rg3 42. Rg4+ Rxg4 43. fxg4 $11) 41. Rdd4 Rxf3 42. Kh2 (42. Re8+ $142 Kf7 43. Rd7+ Kxe8 44. Rxg7) 42... h5 {[%emt 0:00:46] Weighted Error Value: White=0.42/Black=0.08 (flawless) .  Loses game:     	White=1     	---        Mistake:       	White=2     	Black=1      Inaccurate:     	White=1     	Black=1      OK:         	White=6     	Black=11     Best:        	White=3     	Black=9      Strong:       	White=1     	---} 0-1

[Event "Chinese League Division-A 2024"]
[Site "Fuling Chongqing"]
[Date "2024.07.06"]
[Round "9.23"]
[White "Wei, Yi"]
[Black "Cao, Qingfeng"]
[Result "1-0"]
[ECO "A28"]
[WhiteElo "2755"]
[BlackElo "2189"]
[Annotator "TA"]
[PlyCount "119"]
[EventDate "2024.06.28"]
[EventType "team-tourn"]
[EventCountry "CHN"]
[SourceTitle "playchess.com"]
[Source "ChessBase"]
[SourceQuality "1"]
[TimeControl "40/5400+30:1800+30"]

1. c4 Nf6 2. Nc3 e5 3. Nf3 Nc6 4. d3 Bb4 5. Bd2 a5 6. g3 O-O 7. Bg2 Re8 8. O-O d5 9. cxd5 Nxd5 10. Rc1 Nxc3 11. bxc3 Bf8 12. a4 Rb8 13. Rb1 Bf5 14. Rb5 Qd7 15. Qb3 b6 16. Ng5 Nd8 17. f4 Ne6 18. Rd5 (18. Rxe5 Nxg5 19. Rxf5 Nf3+ $16 (19... Qxf5 20. fxg5 $14)) 18... Nc5 19. Qb1 Qxa4 20. fxe5 (20. Nxf7 $1 $14 Nb3 (20... Kxf7 21. fxe5 Kg8 22. Rd4 $16) 21. Qd1) 20... Bg6 $15 21. Qe1 (21. Nf3 $15) 21... Qa2 $1 $19 22. Bf4 h6 23. Nh3 a4 24. Rd4 Rbd8 (24... a3 $19 25. Qf2 Ne6) 25. Bc6 (25. Be3 $142) 25... Rxd4 $2 (25... Qe6 $1 $17 26. Bg2 a3) 26. cxd4 $14 Re6 27. Bf3 (27. Bg2 $5) 27... Nb3 (27... Bf5 $14 28. g4 Rg6) 28. Be3 $1 $16 Qb2 29. Nf4 $2 (29. Qf2 $1 $16 {aiming for Nf4.} Bb4 30. Nf4) 29... Nxd4 $1 $19 30. Nxe6 fxe6 (30... Nxf3+ $1 $19 31. Rxf3 fxe6) 31. Bg4 $1 $15 Bc5 ({Black should try} 31... a3 $1 $15 32. Qf2 Nf5 33. Bxf5 exf5 (33... Bxf5 34. g4 $16)) 32. Kh1 (32. Qf2 $11) 32... a3 (32... Be8 $1 $17 {[%cal Re8c6] White must now prevent ...Bc6+.} 33. Bxd4 Qxd4 34. Bxe6+ Kh8) 33. Bxd4 Qxd4 34. Bxe6+ Kh7 35. Qa1 Qe3 36. Bg4 b5 37. e6 $2 (37. Qa2 $15) 37... h5 $1 $19 38. Bf3 Qxe6 39. Qc3 Qe3 (39... Bd6 $1 $19 {is more deadly.} 40. Qa5 Qe8) 40. Kg2 (40. Qc2 $17) 40... Bd6 (40... Bf5 $19 41. Qb3 Be6) 41. Qb3 {[%emt 0:03:22] [#]} c6 (41... Qe8 $1 $17 {[%mdl 512] And now ...Bf7 would win.} 42. Qd5 b4) 42. Qa2 ({White should play} 42. Qc2 $15) 42... Qe8 $17 43. Qc2 c5 44. Qa2 b4 (44... c4 $1 $17 {...Bc5 would now be deadly.} 45. dxc4 Qe6) 45. Bd5 $11 Qe5 46. Bg8+ Kh8 47. Bf7 {[%emt 0:00:07] [#]} (47. e4 $1 $11) 47... Bf5 $1 $17 48. Rf2 (48. e4 $142 Bd7 49. Qd5 Qxd5 50. Bxd5) 48... Bd7 (48... h4 $1 $17 49. Qc4 h3+ (49... hxg3 50. Qh4+ Bh7 51. Qd8+) 50. Kg1 Be7 51. Rxf5 Qxf5) 49. Qc4 $15 Bc6+ 50. e4 Kh7 51. Be6 (51. Qa6 $5 Bd7 $8 52. Qa8 $11) 51... Be8 52. Rf5 Qb2+ 53. Rf2 Qe5 54. Kh3 (54. Rf5 $5 Qb2+ $8 55. Rf2 Qe5 $11) 54... g6 55. Bf7 $1 Bd7+ 56. Kg2 Kg7 57. Bg8 Be8 $2 {[%emt 0:00:09][%mdl 8192] [#]} (57... Kh8 $11 58. Qf7 Qg7) 58. Rf7+ $1 $18 Kh6 59. Rh7+ Kg5 60. h4+ 1-0